AoeStats
← SpackEye

Arabia

509750462Analyzed
1v1 RM · 5d ago on Sep 27, 2026· 22m 22s· 2 players
Game mode
Random Map
Map size
Tiny (2 player)
Population
200
Speed
Normal
Resources
Standard
Victory
Conquest
Starting age
Dark Age
Ending age
Imperial Age
RankedLock teamsTeams togetherTeam positionsShared explorationLock speedFull tech treeHidden civsTurbo modeCheats
Victory
Defeat
🇬🇧 Khmer · United Kingdom
925
+15
🇨🇿 Bulgarians · Czechia
906
-32
Moks
9:51 Feudal Age
10:40 Loom
12:56 Padded Archer Armor
12:54 Fletching
13:09 Double-Bit Axe
SpackEye
8:41 Loom
10:26 Feudal Age
13:11 Double-Bit Axe
13:08 Horse Collar
14:45 Scale Barding Armor
17:12 Bloodlines
17:45 Forging
23:08 Castle Age
Connection lost

Rejoining the realm…

Still unreachable

The connection could not be restored.

Session expired

The server has moved on; the page needs a fresh start.